 Dungeon Crawl Stone Soup version 0.29-a0-356-g7bc237e783 (webtiles) character file.

Game seed: 3638055281068989778

2 dolemite99 the Caller (level 1, -3/13 HPs)
             Began as a Gnoll Summoner on Apr 26, 2022.
             Slain by a kobold
             ... wielding a +0 short sword
              (5 damage)
             ... on level 1 of the Dungeon.
             The game lasted 00:00:16 (91 turns).

dolemite99 the Caller (Gnoll Summoner)                Turns: 91, Time: 00:00:17

Health: -3/13      AC:  2    Str:  7    XL:     1   Next: 40%
Magic:  6/6        EV: 13    Int: 14    God:
Gold:   0          SH:  0    Dex: 12    Spells: 8/9 levels left

rFire   . . .      SeeInvis .   c - +0 club
rCold   . . .      Faith    .   (no shield)
rNeg    . . .      Spirit   .   a - +0 robe
rPois   .          Reflect  .   (no helmet)
rElec   .          Harm     .   (no cloak)
rCorr   .          Rampage  .   (no gloves)
Will    .....                   (no boots)
Stlth   ++........              (no amulet)
HPRegen 0.04/turn               (no ring)
MPRegen 0.10/turn               (no ring)

@: no status effects
A: fangs 1, strong nose, distributed training
a: no special abilities


You were on level 1 of the Dungeon.
You visited 1 branch of the dungeon, and saw 1 of its levels.

Inventory:

Hand Weapons
 c - a +0 club (weapon)
Armour
 a - a +0 robe (worn)
Scrolls
 d - a scroll of enchant armour {unknown}


   Skills:
 + Level 0.0 Fighting
 + Level 0.0 Short Blades
 + Level 0.0 Long Blades
 + Level 0.0 Axes
 + Level 0.0 Maces & Flails
 + Level 0.0 Polearms
 + Level 0.0 Staves
 + Level 0.0 Slings
 + Level 0.0 Bows
 + Level 0.0 Crossbows
 + Level 0.0 Throwing
 + Level 0.0 Armour
 + Level 4.4 Dodging
 + Level 4.0 Stealth
 + Level 0.0 Shields
 + Level 0.0 Unarmed Combat
 + Level 4.8 Spellcasting
 + Level 0.0 Conjurations
 + Level 0.0 Hexes
 + Level 7.0 Summonings
 + Level 0.0 Necromancy
 + Level 0.0 Translocations
 + Level 0.0 Transmutations
 + Level 0.0 Fire Magic
 + Level 0.0 Ice Magic
 + Level 0.0 Air Magic
 + Level 0.0 Earth Magic
 + Level 0.0 Poison Magic
 + Level 0.1 Invocations
 + Level 0.0 Evocations


You had 8 spell levels left.
You knew the following spells:

 Your Spells              Type           Power      Damage    Failure   Level
a - Summon Small Mammal   Summ           92%        N/A       1%          1

Your spell library contained the following spells:

 Spells                   Type           Power      Damage    Failure   Level
 Call Imp                 Summ           23%        N/A       1%          2
 Call Canine Familiar     Summ           23%        N/A       3%          3
 Summon Guardian Golem    Hex/Summ       13%        N/A       12%         3
 Summon Lightning Spire   Summ/Air       13%        N/A       38%         4


Dungeon Overview and Level Annotations

Branches:
Dungeon (1/15)

Altars:


Innate Abilities, Weirdness & Mutations

You have very sharp teeth.
Your uncanny sense of smell can sniff out nearby items.
Your experience applies equally to all skills.


Message History

Confirm with . or Enter, or press ? or * to list all spells.
Your quokka barely misses the hobgoblin.
The hobgoblin closely misses you. x2
The hobgoblin hits you but does no damage.
Your bat hits the hobgoblin but does no damage.
Your quokka closely misses the hobgoblin.
The kobold hits you but does no damage. The hobgoblin barely misses you.
The hobgoblin misses you. The hobgoblin hits you.
Your bat hits the hobgoblin but does no damage.
Your quokka bites the hobgoblin but does no damage.
The kobold attacks as you move away!
The kobold hits you with a +0 short sword.
The frilled lizard attacks as you move away!
The frilled lizard closely misses you.
Your bat hits the hobgoblin. The hobgoblin completely misses you.
The hobgoblin misses your quokka.
Your quokka bites the hobgoblin but does no damage.
The frilled lizard attacks as you move away!
The frilled lizard misses you.
Your bat hits the hobgoblin.
Your bat hits the kobold but does no damage.
The kobold hits your bat with a +0 short sword.
The hobgoblin misses your bat. The hobgoblin hits your quokka.
Your quokka closely misses the hobgoblin.
Your bat misses the kobold.
The frilled lizard attacks as you move away!
The frilled lizard bites you.
Your bat hits the hobgoblin but does no damage.
Your quokka barely misses the hobgoblin.
The hobgoblin hits your quokka.
You hit the hobgoblin but do no damage.
Your bat barely misses the kobold.
Your quokka barely misses the hobgoblin.
Your bat hits the goblin.
The goblin hits your bat but does no damage.
The hobgoblin hits you.
* * * LOW HITPOINT WARNING * * *
The hobgoblin barely misses your quokka.
Your quokka bites the hobgoblin.
Magic courses through your body.
Your bat hits the hobgoblin but does no damage.
The kobold hits you with a +0 short sword.
You die...

... .. ##.##..##.## .....
... ...>.......
....###......###......#.##
..........................
#......#.#.......#g....#.#.
.....#.#.........r.........
..............###r.........
.##..###.#....###gl........
................@Kg....#...
..................g.....$..
.....###.##...###...b."....
∩.............# #......#...
.......#.##...# #....#.#...
.....................#.#
.......#.##....##....# #
.#...#.........# .....
.....#.#.##......


You could see a quokka, 3 hobgoblins, a goblin, a kobold, a frilled lizard, a
friendly quokka (summoned) and a friendly bat (summoned).

Vanquished Creatures (collateral kills)
  A bat (D:1)
  A hobgoblin (D:1)
2 creatures vanquished.

Notes
Turn   | Place    | Note
-------+----------+-------------------------------------------
     0 | D:1      | dolemite99 the Gnoll Summoner began the quest for the Orb.
     0 | D:1      | Reached XP level 1. HP: 13/13 MP: 6/6
    91 | D:1      | Slain by a kobold

Illustrated notes

Levels and vault maps discovered:
D:1:      wander_arrival_desolate, layout_basic, basic_ecumenical_altar,
          grunt_decor_clamped

Action                   || total
-------------------------++-------
Melee: Club              ||     1
 Cast: Summon Small Mamm ||     6
  Use: Potion            ||     1
Armor: Robe              ||     2
Dodge: Dodged            ||    19

Table legend: (Time is in decaauts)
 A = Elapsed time spent in this place.
 B = Non-inter-level travel time spent in this place.
 C = Inter-level travel time spent in this place.
 D = Time resting spent in this place.
 E = Time spent auto-exploring this place.
 F = Levels seen in this place.
 G = Mean time per level.
                   A        B        C        D        E       F      G
               +--------+--------+--------+--------+--------+-----+--------+
         Total |     90 |     90 |      0 |      0 |     26 |   1 |   90.0 |
       Dungeon |     90 |     90 |      0 |      0 |     26 |   1 |   90.0 |
               +--------+--------+--------+--------+--------+-----+--------+

Top non-repeatable levels by time:
     D:1: 90 daAuts
